Flyers vs RedWings

Created - February-25-13 at 17:53

Goals
1 2 3 T
Flyers 1 1 1 3
RedWings 0 0 1 1
Shots
1 2 3 T
Flyers 7 7 10 24
RedWings 4 2 8 14

1st period

1. Flyers , Kyle Okposo 18 (Chris Pronger, Steve Sullivan) at 15:45

Penalties :
Paul Martin (DET) for Hooking (Minor) at 11:34, Brian Lee (PHI) for Roughing (Minor) at 19:53

2nd period

2. Flyers , Justin Williams 17 (Marc-Andre Bergeron, Philip Larsen) at 12:18

Penalties :
Kyle Okposo (PHI) for Holding (Minor) at 3:33

3rd period

3. RedWings , Ray Whitney 18 (Paul Martin, Keith Yandle) at 7:16
4. Flyers , Kevin Bieksa 10 (Steve Sullivan, Brian Lee) at 14:10

Penalties :
Nate Thompson (DET) for Tripping (Minor) at 2:56, Mark Fraser (DET) for Hooking (Minor) at 7:32, Mark Fraser (DET) for Tripping (Minor) at 15:46, Gabriel Bourque (PHI) for Hooking (Minor) at 18:25, Daymond Langkow (DET) for Cross-checking (Minor) at 18:34

Goalie Stats

Devan Dubnyk (PHI), 13 saves from 14 shots - (0.929), W, 27-21-3, 60:00 minutes
Roberto Luongo (DET), 21 saves from 24 shots - (0.875), L, 27-28-6, 60:00 minutes

Players Stats for Flyers

Player Name              G  A  P  +/- PIM S  H  SB GA TA FO     MP     PP MP  PK MP  
------------------------------------------------------------------------------------
Andreas Lilja            0  0  0   1  0   1  1  0  0  0  0/0    12:32   0:00   0:00 
Brian Lee                0  1  1   0  2   0  1  1  0  0  0/0    18:27   0:27   0:00 
Chris Pronger            0  1  1   1  0   1  1  0  0  0  0/0    23:03   3:55   1:54 
David Steckel            0  0  0   0  0   0  3  0  0  0  10/16   7:41   3:47   0:00 
Gabriel Bourque          0  0  0   0  2   1  3  0  0  0  0/1    14:51   0:38   0:25 
John Madden              0  0  0   0  0   2  0  0  0  0  5/12   15:05   0:28   0:48 
Justin Williams          1  0  1   1  0   5  0  1  0  0  0/1    20:07   4:09   1:36 
Kevin Bieksa             1  0  1   0  0   3  3  1  0  0  0/0    23:12   3:28   1:54 
Kyle Okposo              1  0  1   1  2   3  1  0  0  0  3/11   20:17   3:09   1:43 
Luke Schenn              0  0  0   1  0   0  3  0  0  0  0/0    23:03   4:01   2:13 
Marc-Andre Bergeron      0  1  1   1  0   4  3  1  0  0  0/3    22:33   4:09   2:06 
Mike Santorelli          0  0  0   0  0   2  1  0  0  0  1/1    13:49   0:00   0:00 
Nathan Gerbe             0  0  0   1  0   0  2  0  0  0  4/11   13:23   0:00   0:00 
Niklas Hagman            0  0  0   0  0   0  0  0  0  0  0/0     4:32   0:38   0:00 
Nikolai Kulemin          0  0  0   1  0   1  5  0  0  0  0/2    20:00   3:09   0:00 
Philip Larsen            0  1  1   1  0   0  3  1  0  0  0/0    19:39   4:01   2:13 
Ryan Ellis               0  0  0   0  0   0  0  0  0  0  0/0     0:03   0:00   0:00 
Steve Sullivan           0  2  2   1  0   1  1  0  0  0  2/8    22:08   3:41   1:36 

Players Stats for RedWings

Player Name              G  A  P  +/- PIM S  H  SB GA TA FO     MP     PP MP  PK MP  
------------------------------------------------------------------------------------
Alexandre Burrows        0  0  0  -1  0   2  1  1  0  0  2/2    24:39   1:54   0:00 
Brian Campbell           0  0  0  -2  0   0  0  1  0  0  0/0    23:14   1:57   4:45 
Chris Summers            0  0  0   0  0   0  0  0  0  0  0/0     4:51   0:00   0:00 
Curtis Glencross         0  0  0  -1  0   1  2  1  0  0  0/0    22:13   2:07   2:19 
Daymond Langkow          0  0  0  -1  2   2  0  0  0  0  11/14  18:51   1:51   1:10 
Eric Brewer              0  0  0  -2  0   0  4  1  0  0  0/0    23:14   1:57   4:45 
Jamie Langenbrunner      0  0  0  -1  0   0  1  0  0  0  2/3    21:59   1:00   0:00 
Jared Spurgeon           0  0  0  -1  0   0  0  0  0  0  0/0    11:20   0:00   0:40 
Joe Thornton             0  0  0  -1  0   0  1  0  0  0  11/17  20:18   2:07   0:49 
Keith Yandle             0  1  1   1  0   2  1  0  0  0  0/0    21:20   2:10   3:11 
Mark Fraser              0  0  0   0  4   0  1  0  0  0  0/0     4:49   0:00   0:00 
Nate Thompson            0  0  0   0  2   1  3  0  0  0  10/20  18:50   0:08   4:23 
Paul Martin              0  1  1   1  2   1  0  3  0  0  0/0    20:39   2:10   2:31 
Pavel Kubina             0  0  0  -1  0   0  0  0  0  0  0/0    10:35   0:00   0:00 
Ray Whitney              1  0  1  -1  0   2  0  0  0  0  0/1    22:33   1:52   5:37 
Ryan Whitney             0  0  0   0  0   0  0  0  0  0  0/0     0:00   0:00   0:00 
Stephen Gionta           0  0  0   0  0   0  0  0  0  0  1/1     8:56   0:08   0:00 
Travis Zajac             0  0  0   0  0   3  0  0  0  0  4/8    12:13   1:13   1:34 

3 Stars

1 - Kevin Bieksa (PHI)
2 - Steve Sullivan (PHI)
3 - Justin Williams (PHI)

Power Play

Flyers - 0 on 5 Attempt(s) - 0.00%
RedWings - 0 on 3 Attempt(s) - 0.00%

Penalty Kill

Flyers - 3 on 3 Attempt(s) - 100.00% - Score 0 goal in Penalty Kill
RedWings - 5 on 5 Attempt(s) - 100.00% - Score 0 goal in Penalty Kill

Official

Referees : Mike Hasenfratz and Dan O'Rourke
Linesman : Scott Driscoll and Steve Barton

Game Notes

No Game Note

Finance

Level 1 -- Attendance: 6500 (100.00%) -- Ticket Income $487,500
Level 2 -- Attendance: 5000 (100.00%) -- Ticket Income $250,000
Level 3 -- Attendance: 3500 (100.00%) -- Ticket Income $105,000
Level 4 -- Attendance: 3030 (74.52%) -- Ticket Income $60,600
Luxury Box -- Attendance: 987 (98.70%) -- Ticket Income $148,050
Game was played at the Joe Louis Arena
Total Attendance: 19017 (94.77%)
Total Ticket Income: $1,051,150
Other Income: $157,672
Total Income: $1,208,822


% Time on Ice - Flyers

Lines # - Real PCT - Wanted PCT - Time Play
Normal Forward
1 - 29% - 40% - 13:23
2 - 33% - 35% - 15:26
3 - 8% - 15% - 3:54
4 - 30% - 10% - 13:49
Normal Defense
1 - 36% - 45% - 16:42
2 - 37% - 40% - 17:18
3 - 27% - 15% - 12:32
4 - 0% - 0% - 0:00
PP Forward
1 - 52% - 60% - 4:09
2 - 48% - 40% - 3:47
PP Defense
1 - 49% - 67% - 3:55
2 - 51% - 33% - 4:01
PK Forward
1 - 61% - 60% - 2:31
2 - 39% - 40% - 1:36
PK Defense
1 - 46% - 60% - 1:54
2 - 54% - 40% - 2:13
PK3 Forward
1 - 0% - 60%
2 - 0% - 40%
PK3 Defense
1 - 0% - 60%
2 - 0% - 40%
44 Forward
1 - 100% - 60% - 1:25
2 - 0% - 40% - 0:00
44 Defense
1 - 38% - 60% - 0:32
2 - 62% - 40% - 0:53
Last Minute Offensive  - 0:00
Last Minute Defensive  - 0:00
Total
Forward - 60:00
Defense - 60:00

% Time on Ice - RedWings

Lines # - Real PCT - Wanted PCT - Time Play
Normal Forward
1 - 32% - 35% - 15:04
2 - 37% - 35% - 17:22
3 - 14% - 20% - 6:38
4 - 16% - 10% - 7:28
Normal Defense
1 - 33% - 35% - 15:34
2 - 33% - 35% - 15:32
3 - 23% - 20% - 10:35
4 - 10% - 10% - 4:51
PP Forward
1 - 49% - 60% - 2:00
2 - 51% - 40% - 2:07
PP Defense
1 - 47% - 60% - 1:57
2 - 53% - 40% - 2:10
PK Forward
1 - 80% - 60% - 6:22
2 - 20% - 40% - 1:34
PK Defense
1 - 60% - 60% - 4:45
2 - 40% - 40% - 3:11
PK3 Forward
1 - 0% - 60%
2 - 0% - 40%
PK3 Defense
1 - 0% - 60%
2 - 0% - 40%
44 Forward
1 - 71% - 60% - 1:00
2 - 29% - 40% - 0:25
44 Defense
1 - 71% - 60% - 1:00
2 - 29% - 40% - 0:25
Last Minute Offensive  - 0:00
Last Minute Defensive  - 0:00
Total
Forward - 60:00
Defense - 60:00

Play by Play

1st period


0:01 of 1st period - Jamie Langenbrunner wins face-off versus Nathan Gerbe in neutral zone.
0:48 of 1st period - Paul Martin is hit by Nathan Gerbe and loses puck.
1:03 of 1st period - Shot by Kyle Okposo.
1:03 of 1st period - Shot Blocked by Paul Martin.
1:05 of 1st period - Shot by Nikolai Kulemin.
1:05 of 1st period - Shot Misses the Net.
1:32 of 1st period - Keith Yandle is hit by Brian Lee and loses puck.
1:36 of 1st period - Icing by Kevin Bieksa.
1:37 of 1st period - Joe Thornton wins face-off versus Kyle Okposo in Flyers zone.
1:43 of 1st period - Kyle Okposo is hit by Eric Brewer and loses puck.
2:06 of 1st period - Shot by Mike Santorelli.
2:06 of 1st period - Shot Misses the Net.
2:08 of 1st period - Shot by Andreas Lilja.
2:08 of 1st period - Shot Misses the Net.
2:17 of 1st period - Brian Campbell is hit by Mike Santorelli and loses puck.
2:34 of 1st period - Mike Santorelli is hit by Alexandre Burrows.
2:47 of 1st period - Icing by Brian Campbell.
2:48 of 1st period - David Steckel wins face-off versus Joe Thornton in RedWings zone.
2:48 of 1st period - David Steckel is hit by Eric Brewer.
3:00 of 1st period - Shot by Marc-Andre Bergeron.
3:00 of 1st period - Deflect By David Steckel.
3:00 of 1st period - Shot Blocked by Alexandre Burrows.
3:02 of 1st period - Shot by Chris Pronger.
3:02 of 1st period - Deflect By Marc-Andre Bergeron.
3:02 of 1st period - Stopped by Roberto Luongo without a rebound.
3:03 of 1st period - Nate Thompson wins face-off versus Kyle Okposo in RedWings zone.
3:03 of 1st period - Nate Thompson is hit by Nikolai Kulemin.
3:41 of 1st period - Shot by Kyle Okposo.
3:41 of 1st period - Shot Misses the Net.
4:05 of 1st period - Mark Fraser is hit by Marc-Andre Bergeron.
4:50 of 1st period - Icing by Marc-Andre Bergeron.
4:51 of 1st period - Nathan Gerbe wins face-off versus Joe Thornton in Flyers zone.
5:32 of 1st period - Icing by Philip Larsen.
5:33 of 1st period - Daymond Langkow wins face-off versus John Madden in Flyers zone.
6:21 of 1st period - Jamie Langenbrunner is hit by Kyle Okposo and loses puck.
6:44 of 1st period - Joe Thornton is hit by Nikolai Kulemin and loses puck.
7:57 of 1st period - Shot by Travis Zajac.
7:57 of 1st period - Stopped by Devan Dubnyk without a rebound.
7:58 of 1st period - Mike Santorelli wins face-off versus Daymond Langkow in Flyers zone.
8:50 of 1st period - Off-side.
8:51 of 1st period - David Steckel wins face-off versus Joe Thornton in neutral zone.
8:57 of 1st period - Off-side.
8:58 of 1st period - Joe Thornton wins face-off versus David Steckel in neutral zone.
9:00 of 1st period - Off-side.
9:01 of 1st period - Joe Thornton wins face-off versus Nathan Gerbe in neutral zone.
9:03 of 1st period - Curtis Glencross is hit by Luke Schenn and loses puck.
9:43 of 1st period - Brian Campbell is hit by Nathan Gerbe.
10:20 of 1st period - Shot by Travis Zajac.
10:20 of 1st period - Stopped by Devan Dubnyk without a rebound.
10:21 of 1st period - Daymond Langkow wins face-off versus John Madden in Flyers zone.
10:39 of 1st period - Icing by Andreas Lilja.
10:40 of 1st period - Travis Zajac wins face-off versus John Madden in Flyers zone.
10:47 of 1st period - Shot by Nate Thompson.
10:47 of 1st period - Shot Blocked by Philip Larsen.
10:49 of 1st period - Shot by Keith Yandle.
10:49 of 1st period - Shot Misses the Net.
11:05 of 1st period - Shot by John Madden.
11:05 of 1st period - Stopped by Roberto Luongo without a rebound.
11:06 of 1st period - Daymond Langkow wins face-off versus David Steckel in RedWings zone.
11:06 of 1st period - Daymond Langkow is hit by David Steckel.
11:17 of 1st period - Shot by Marc-Andre Bergeron.
11:17 of 1st period - Stopped by Roberto Luongo without a rebound.
11:18 of 1st period - Kyle Okposo wins face-off versus Joe Thornton in RedWings zone.
11:34 of 1st period - Minor Penalty to Paul Martin for Hooking.
11:35 of 1st period - Steve Sullivan wins face-off versus Nate Thompson in RedWings zone.
11:58 of 1st period - Shot by Chris Pronger.
11:58 of 1st period - Stopped by Roberto Luongo without a rebound.
11:59 of 1st period - David Steckel wins face-off versus Nate Thompson in RedWings zone.
12:06 of 1st period - Shot by Kyle Okposo.
12:06 of 1st period - Stopped by Roberto Luongo with a rebound.
12:17 of 1st period - Icing by Nikolai Kulemin.
12:18 of 1st period - David Steckel wins face-off versus Nate Thompson in Flyers zone.
13:11 of 1st period - Ray Whitney is hit by Kevin Bieksa and loses puck.
13:44 of 1st period - Keith Yandle is hit by Gabriel Bourque and loses puck.
14:45 of 1st period - Ray Whitney is hit by Philip Larsen and loses puck.
15:41 of 1st period - Shot by Kyle Okposo.
15:41 of 1st period - Stopped by Roberto Luongo with a rebound.
15:45 of 1st period - Shot by Kyle Okposo.
15:45 of 1st period - Goal by Kyle Okposo - Flyers : 1 - RedWings : 0.
15:46 of 1st period - Stephen Gionta wins face-off versus John Madden in neutral zone.
15:46 of 1st period - Stephen Gionta is hit by Gabriel Bourque.
16:23 of 1st period - Off-side.
16:24 of 1st period - Kyle Okposo wins face-off versus Joe Thornton in neutral zone.
17:26 of 1st period - Shot by Nate Thompson.
17:26 of 1st period - Stopped by Devan Dubnyk without a rebound.
17:27 of 1st period - Nathan Gerbe wins face-off versus Travis Zajac in Flyers zone.
17:27 of 1st period - Nathan Gerbe is hit by Jamie Langenbrunner.
17:48 of 1st period - Shot by Travis Zajac.
17:48 of 1st period - Shot Blocked by Brian Lee.
17:50 of 1st period - Shot by Jamie Langenbrunner.
17:50 of 1st period - Shot Misses the Net.
17:52 of 1st period - Shot by Eric Brewer.
17:52 of 1st period - Shot Misses the Net.
17:54 of 1st period - Shot by Brian Campbell.
17:54 of 1st period - Shot Misses the Net.
17:56 of 1st period - Shot by Jamie Langenbrunner.
17:56 of 1st period - Shot Misses the Net.
18:09 of 1st period - Off-side.
18:10 of 1st period - Joe Thornton wins face-off versus John Madden in neutral zone.
18:17 of 1st period - Shot by Keith Yandle.
18:17 of 1st period - Stopped by Devan Dubnyk with a rebound.
19:48 of 1st period - Shot by Ray Whitney.
19:48 of 1st period - Shot Misses the Net.
19:50 of 1st period - Shot by Ray Whitney.
19:50 of 1st period - Shot Misses the Net.
19:53 of 1st period - Minor Penalty to Brian Lee for Roughing.
19:54 of 1st period - Daymond Langkow wins face-off versus Marc-Andre Bergeron in Flyers zone.

2nd period


0:01 of 2nd period - Daymond Langkow wins face-off versus Kyle Okposo in neutral zone.
1:02 of 2nd period - Icing by Keith Yandle.
1:03 of 2nd period - Joe Thornton wins face-off versus Kyle Okposo in RedWings zone.
3:15 of 2nd period - Daymond Langkow is hit by Luke Schenn and loses puck.
3:33 of 2nd period - Minor Penalty to Kyle Okposo for Holding.
3:34 of 2nd period - John Madden wins face-off versus Joe Thornton in Flyers zone.
3:51 of 2nd period - Shot by Keith Yandle.
3:51 of 2nd period - Stopped by Devan Dubnyk without a rebound.
3:52 of 2nd period - Daymond Langkow wins face-off versus Justin Williams in Flyers zone.
3:53 of 2nd period - Shot by Paul Martin.
3:53 of 2nd period - Shot Blocked by Kevin Bieksa.
5:09 of 2nd period - Joe Thornton is hit by Luke Schenn and loses puck.
6:20 of 2nd period - Icing by Daymond Langkow.
6:21 of 2nd period - Daymond Langkow wins face-off versus David Steckel in RedWings zone.
6:26 of 2nd period - Shot by Jamie Langenbrunner.
6:26 of 2nd period - Shot Misses the Net.
7:28 of 2nd period - Shot by Steve Sullivan.
7:28 of 2nd period - Stopped by Roberto Luongo without a rebound.
7:29 of 2nd period - Travis Zajac wins face-off versus Nathan Gerbe in RedWings zone.
7:29 of 2nd period - Travis Zajac is hit by Marc-Andre Bergeron.
9:46 of 2nd period - Pavel Kubina is hit by David Steckel and loses puck.
10:04 of 2nd period - Pavel Kubina is hit by David Steckel and loses puck.
10:40 of 2nd period - Steve Sullivan is hit by Keith Yandle and loses puck.
10:54 of 2nd period - Shot by Nikolai Kulemin.
10:54 of 2nd period - Shot Blocked by Paul Martin.
10:56 of 2nd period - Shot by Andreas Lilja.
10:56 of 2nd period - Stopped by Roberto Luongo without a rebound.
10:57 of 2nd period - John Madden wins face-off versus Ray Whitney in RedWings zone.
11:10 of 2nd period - Shot by Gabriel Bourque.
11:10 of 2nd period - Stopped by Roberto Luongo without a rebound.
11:11 of 2nd period - Joe Thornton wins face-off versus Steve Sullivan in RedWings zone.
11:11 of 2nd period - Joe Thornton is hit by Nikolai Kulemin.
12:04 of 2nd period - Shot by Marc-Andre Bergeron.
12:04 of 2nd period - Shot Misses the Net.
12:06 of 2nd period - Shot by Justin Williams.
12:06 of 2nd period - Shot Blocked by Eric Brewer.
12:16 of 2nd period - Shot by Marc-Andre Bergeron.
12:16 of 2nd period - Deflect By Justin Williams.
12:16 of 2nd period - Stopped by Roberto Luongo with a rebound.
12:18 of 2nd period - Shot by Justin Williams.
12:18 of 2nd period - Goal by Justin Williams - Flyers : 2 - RedWings : 0.
12:19 of 2nd period - Travis Zajac wins face-off versus Gabriel Bourque in neutral zone.
12:19 of 2nd period - Keith Yandle is hit by Gabriel Bourque and loses puck.
13:10 of 2nd period - Icing by Alexandre Burrows.
13:11 of 2nd period - Alexandre Burrows wins face-off versus Nathan Gerbe in RedWings zone.
13:16 of 2nd period - Andreas Lilja is hit by Curtis Glencross.
14:21 of 2nd period - Ray Whitney is hit by Kevin Bieksa.
16:01 of 2nd period - Off-side.
16:02 of 2nd period - Daymond Langkow wins face-off versus Kyle Okposo in neutral zone.
16:09 of 2nd period - Shot by Daymond Langkow.
16:09 of 2nd period - Stopped by Devan Dubnyk with a rebound.
17:14 of 2nd period - Shot by Marc-Andre Bergeron.
17:14 of 2nd period - Stopped by Roberto Luongo without a rebound.
17:15 of 2nd period - Joe Thornton wins face-off versus Nathan Gerbe in RedWings zone.
17:31 of 2nd period - Marc-Andre Bergeron is hit by Eric Brewer and loses puck.
18:43 of 2nd period - Shot by Mike Santorelli.
18:43 of 2nd period - Stopped by Roberto Luongo without a rebound.
18:44 of 2nd period - Nate Thompson wins face-off versus Kyle Okposo in RedWings zone.
18:44 of 2nd period - Nate Thompson is hit by Nikolai Kulemin.
18:50 of 2nd period - Kyle Okposo is hit by Nate Thompson and loses puck.
18:59 of 2nd period - Mark Fraser is hit by Nikolai Kulemin and loses puck.
19:33 of 2nd period - Kevin Bieksa is hit by Eric Brewer and loses puck.

3rd period


0:01 of 3rd period - Nathan Gerbe wins face-off versus Travis Zajac in neutral zone.
0:35 of 3rd period - Shot by Paul Martin.
0:35 of 3rd period - Stopped by Devan Dubnyk without a rebound.
0:36 of 3rd period - Joe Thornton wins face-off versus Kyle Okposo in Flyers zone.
1:19 of 3rd period - Shot by Joe Thornton.
1:19 of 3rd period - Shot Misses the Net.
2:11 of 3rd period - Shot by Ray Whitney.
2:11 of 3rd period - Deflect By Jamie Langenbrunner.
2:11 of 3rd period - Shot Misses the Net.
2:26 of 3rd period - Icing by Pavel Kubina.
2:27 of 3rd period - Nate Thompson wins face-off versus Nathan Gerbe in RedWings zone.
2:56 of 3rd period - Minor Penalty to Nate Thompson for Tripping.
2:57 of 3rd period - John Madden wins face-off versus Daymond Langkow in RedWings zone.
3:24 of 3rd period - Shot by Justin Williams.
3:24 of 3rd period - Stopped by Roberto Luongo without a rebound.
3:25 of 3rd period - Daymond Langkow wins face-off versus David Steckel in RedWings zone.
4:26 of 3rd period - Shot by Steve Sullivan.
4:26 of 3rd period - Shot Blocked by Paul Martin.
4:28 of 3rd period - Shot by Marc-Andre Bergeron.
4:28 of 3rd period - Stopped by Roberto Luongo without a rebound.
4:29 of 3rd period - Joe Thornton wins face-off versus David Steckel in RedWings zone.
4:40 of 3rd period - Chris Pronger is hit by Joe Thornton and loses puck.
5:10 of 3rd period - Jamie Langenbrunner is hit by Andreas Lilja and loses puck.
5:51 of 3rd period - Shot by Curtis Glencross.
5:51 of 3rd period - Stopped by Devan Dubnyk without a rebound.
5:52 of 3rd period - Alexandre Burrows wins face-off versus Nathan Gerbe in Flyers zone.
5:59 of 3rd period - Eric Brewer is hit by Marc-Andre Bergeron.
6:20 of 3rd period - Alexandre Burrows is hit by Chris Pronger and loses puck.
7:02 of 3rd period - Shot by Ray Whitney.
7:02 of 3rd period - Shot Misses the Net.
7:04 of 3rd period - Shot by Daymond Langkow.
7:04 of 3rd period - Shot Misses the Net.
7:16 of 3rd period - Shot by Ray Whitney.
7:16 of 3rd period - Goal by Ray Whitney - Flyers : 2 - RedWings : 1.
7:17 of 3rd period - David Steckel wins face-off versus Nate Thompson in neutral zone.
7:32 of 3rd period - Minor Penalty to Mark Fraser for Hooking.
7:33 of 3rd period - Nate Thompson wins face-off versus Steve Sullivan in RedWings zone.
8:00 of 3rd period - Shot by Kevin Bieksa.
8:00 of 3rd period - Shot Misses the Net.
8:02 of 3rd period - Shot by Steve Sullivan.
8:02 of 3rd period - Deflect By Justin Williams.
8:02 of 3rd period - Stopped by Roberto Luongo without a rebound.
8:03 of 3rd period - David Steckel wins face-off versus Nate Thompson in RedWings zone.
8:20 of 3rd period - Shot by Nikolai Kulemin.
8:20 of 3rd period - Shot Misses the Net.
8:22 of 3rd period - Shot by Nikolai Kulemin.
8:22 of 3rd period - Shot Blocked by Curtis Glencross.
8:30 of 3rd period - Shot by Nikolai Kulemin.
8:30 of 3rd period - Stopped by Roberto Luongo without a rebound.
8:31 of 3rd period - Nate Thompson wins face-off versus Steve Sullivan in RedWings zone.
8:31 of 3rd period - Nate Thompson is hit by Steve Sullivan.
8:51 of 3rd period - Shot by Kevin Bieksa.
8:51 of 3rd period - Shot Misses the Net.
8:53 of 3rd period - Shot by Kevin Bieksa.
8:53 of 3rd period - Shot Misses the Net.
8:55 of 3rd period - Shot by Justin Williams.
8:55 of 3rd period - Stopped by Roberto Luongo without a rebound.
8:56 of 3rd period - Nate Thompson wins face-off versus David Steckel in RedWings zone.
9:24 of 3rd period - Off-side.
9:25 of 3rd period - Nate Thompson wins face-off versus Steve Sullivan in neutral zone.
9:25 of 3rd period - Nate Thompson is hit by Kevin Bieksa.
9:34 of 3rd period - Brian Lee is hit by Curtis Glencross and loses puck.
9:43 of 3rd period - Shot by Curtis Glencross.
9:43 of 3rd period - Shot Misses the Net.
10:05 of 3rd period - Shot by Alexandre Burrows.
10:05 of 3rd period - Stopped by Devan Dubnyk with a rebound.
10:07 of 3rd period - Shot by Alexandre Burrows.
10:07 of 3rd period - Stopped by Devan Dubnyk without a rebound.
10:08 of 3rd period - Daymond Langkow wins face-off versus Marc-Andre Bergeron in Flyers zone.
10:30 of 3rd period - Icing by Luke Schenn.
10:31 of 3rd period - Nate Thompson wins face-off versus Marc-Andre Bergeron in Flyers zone.
11:08 of 3rd period - Off-side.
11:09 of 3rd period - Daymond Langkow wins face-off versus Kyle Okposo in neutral zone.
11:42 of 3rd period - Shot by Ray Whitney.
11:42 of 3rd period - Stopped by Devan Dubnyk with a rebound.
11:44 of 3rd period - Shot by Daymond Langkow.
11:44 of 3rd period - Stopped by Devan Dubnyk without a rebound.
11:45 of 3rd period - Joe Thornton wins face-off versus John Madden in Flyers zone.
12:01 of 3rd period - Joe Thornton is hit by Philip Larsen.
12:27 of 3rd period - Icing by Gabriel Bourque.
12:28 of 3rd period - John Madden wins face-off versus Jamie Langenbrunner in Flyers zone.
14:08 of 3rd period - Shot by Steve Sullivan.
14:08 of 3rd period - Shot Blocked by Brian Campbell.
14:10 of 3rd period - Shot by Kevin Bieksa.
14:10 of 3rd period - Goal by Kevin Bieksa - Flyers : 3 - RedWings : 1.
14:11 of 3rd period - John Madden wins face-off versus Nate Thompson in neutral zone.
14:40 of 3rd period - Icing by Gabriel Bourque.
14:41 of 3rd period - Joe Thornton wins face-off versus John Madden in Flyers zone.
14:59 of 3rd period - Shot by Mike Santorelli.
14:59 of 3rd period - Stopped by Roberto Luongo with a rebound.
15:10 of 3rd period - Off-side.
15:11 of 3rd period - Nathan Gerbe wins face-off versus Travis Zajac in neutral zone.
15:16 of 3rd period - Justin Williams is hit by Mark Fraser and loses puck.
15:46 of 3rd period - Minor Penalty to Mark Fraser for Tripping.
15:47 of 3rd period - David Steckel wins face-off versus Nate Thompson in RedWings zone.
15:48 of 3rd period - Shot by Kevin Bieksa.
15:48 of 3rd period - Stopped by Roberto Luongo without a rebound.
15:49 of 3rd period - David Steckel wins face-off versus Nate Thompson in RedWings zone.
16:15 of 3rd period - Icing by Kevin Bieksa.
16:16 of 3rd period - David Steckel wins face-off versus Travis Zajac in Flyers zone.
16:27 of 3rd period - Shot by Kevin Bieksa.
16:27 of 3rd period - Stopped by Roberto Luongo without a rebound.
16:28 of 3rd period - Nate Thompson wins face-off versus Steve Sullivan in RedWings zone.
16:36 of 3rd period - Icing by Marc-Andre Bergeron.
16:37 of 3rd period - Steve Sullivan wins face-off versus Nate Thompson in Flyers zone.
16:37 of 3rd period - Steve Sullivan is hit by Nate Thompson.
17:20 of 3rd period - Icing by Marc-Andre Bergeron.
17:21 of 3rd period - Travis Zajac wins face-off versus Steve Sullivan in Flyers zone.
17:21 of 3rd period - Travis Zajac is hit by Philip Larsen.
17:31 of 3rd period - Shot by Travis Zajac.
17:31 of 3rd period - Shot Blocked by Justin Williams.
17:33 of 3rd period - Shot by Curtis Glencross.
17:33 of 3rd period - Shot Blocked by Marc-Andre Bergeron.
17:35 of 3rd period - Shot by Eric Brewer.
17:35 of 3rd period - Shot Misses the Net.
17:37 of 3rd period - Shot by Eric Brewer.
17:37 of 3rd period - Shot Misses the Net.
17:39 of 3rd period - Shot by Curtis Glencross.
17:39 of 3rd period - Deflect By Travis Zajac.
17:39 of 3rd period - Stopped by Devan Dubnyk without a rebound.
17:40 of 3rd period - David Steckel wins face-off versus Nate Thompson in Flyers zone.
17:40 of 3rd period - David Steckel is hit by Nate Thompson.
18:10 of 3rd period - Shot by Mike Santorelli.
18:10 of 3rd period - Shot Misses the Net.
18:12 of 3rd period - Shot by John Madden.
18:12 of 3rd period - Stopped by Roberto Luongo with a rebound.
18:14 of 3rd period - Shot by Kevin Bieksa.
18:14 of 3rd period - Shot Misses the Net.
18:25 of 3rd period - Minor Penalty to Gabriel Bourque for Hooking.
18:26 of 3rd period - Kyle Okposo wins face-off versus Daymond Langkow in Flyers zone.
18:34 of 3rd period - Minor Penalty to Daymond Langkow for Cross-checking.
18:35 of 3rd period - Nate Thompson wins face-off versus Nikolai Kulemin in RedWings zone.
19:06 of 3rd period - Icing by Jamie Langenbrunner.
19:07 of 3rd period - Jamie Langenbrunner wins face-off versus Nikolai Kulemin in RedWings zone.


Output by the SimonT Hockey Simulator (STHS) for Stephane Roy -- Original Page W3C XHTML 1.0 Valid
Hockey Simulator - Hockey Simulation - Hockey Manager